AoeStats
← crux_dy164

Arena

510470805Analyzed
4v4 RM · 2d ago on Oct 1, 2026· 41m 26s· 8 players
Game mode
Random Map
Map size
Large (8 player)
Population
200
Speed
Normal
Resources
Standard
Victory
Conquest
Starting age
Dark Age
Ending age
Imperial Age
RankedLock teamsTeams togetherTeam positionsShared explorationLock speedFull tech treeHidden civsTurbo modeCheats
Victory
Defeat
🇨🇳 Britons · China
1397
+11
🇨🇳 Cumans · China
1351
+13
🇨🇳 Malay · China
1331
+14
🇨🇳 Spanish · China
1305
+16
1305
-14
🇨🇳 Hindustanis · China
1293
-14
🇨🇳 Britons · China
1286
-13
🇹🇼 Persians · Taiwan
1280
-13
V我50%匡扶汉室
9:12 Feudal Age
9:35 Loom
10:06 Horse Collar
10:18 Double-Bit Axe
14:06 Wheelbarrow
21:21 Castle Age
19:28 Gold Mining
21:00 Scale Barding Armor
21:13 Bloodlines
22:20 Forging
24:32 Chain Barding Armor
25:38 Iron Casting
29:39 Hand Cart
35:05 Imperial Age
33:27 Scale Mail Armor
34:48 Chain Mail Armor
34:24 Fletching
34:34 Padded Archer Armor
35:37 Bow Saw
35:32 Heavy Plow
36:50 Plate Mail Armor
37:21 Blast Furnace
36:58 Plate Barding Armor
35:46 Pikeman
36:27 Squires
36:12 Arson
37:10 Gold Shaft Mining
36:26 Stone Mining
36:57 Bodkin Arrow
37:18 Leather Archer Armor
38:12 Conscription
37:16 Halberdier
37:42 Capped Ram
38:33 Cuman Mercenaries
40:48 Cavalier
40:52 Elite Kipchak
73624617386501790
10:45 Feudal Age
11:19 Double-Bit Axe
14:31 Castle Age
12:32 Horse Collar
15:50 Heavy Plow
16:16 Bow Saw
15:34 Man-at-Arms
16:43 Long Swordsman
25:31 Pikeman
28:21 Wheelbarrow
35:16 Imperial Age
33:15 Scale Mail Armor
34:31 Chain Mail Armor
34:27 Forging
35:20 Halberdier
36:00 Squires
36:32 Plate Mail Armor
35:29 Capped Ram
37:48 Siege Ram
39:52 Iron Casting
41:35 Blast Furnace
祈求好运
9:55 Feudal Age
11:28 Loom
14:10 Castle Age
12:06 Double-Bit Axe
13:18 Fletching
16:37 Horse Collar
20:32 Bodkin Arrow
23:32 Bow Saw
26:01 Wheelbarrow
26:00 Heavy Plow
27:04 Hand Cart
28:53 Padded Archer Armor
29:49 Ballistics
29:48 Gold Mining
29:48 Stone Mining
30:24 Leather Archer Armor
31:08 Gold Shaft Mining
34:46 Imperial Age
34:13 Yeomen
34:57 Elite Longbowman
35:46 Bracer
36:17 Ring Archer Armor
36:59 Chemistry
37:34 Conscription
38:03 Conscription
38:11 Conscription
41:47 Two-Man Saw
41:06 Siege Engineers
41:30 Masonry
crux_dy164
12:49 Feudal Age
12:47 Double-Bit Axe
15:28 Castle Age
13:22 Horse Collar
17:05 Wheelbarrow
21:54 Bow Saw
23:16 Hand Cart
23:23 Gold Mining
23:54 Loom
27:24 Imperial Age
25:19 Forging
25:15 Scale Barding Armor
26:50 Iron Casting
26:42 Elite Battle Elephant
27:45 Husbandry
28:19 Devotion
30:06 Blast Furnace
36:26 Fletching
38:07 Chemistry
38:19 Man-at-Arms
38:59 Squires
40:33 Bombard Tower
39:35 Long Swordsman
41:05 Conscription
40:54 Two-Handed Swordsman
42:05 Forced Levy
IMPORTAINER S.A @ DaNkoN_ARG
10:49 Feudal Age
15:27 Castle Age
13:15 Double-Bit Axe
13:12 Horse Collar
14:26 Man-at-Arms
23:39 Fletching
23:49 Padded Archer Armor
24:34 Wheelbarrow
25:01 Fervor
25:00 Elite Skirmisher
30:13 Imperial Age
28:05 Fletching
30:05 Pikeman
30:46 Scale Mail Armor
30:57 Forging
33:25 Loom
胖过
10:32 Feudal Age
14:06 Castle Age
12:01 Double-Bit Axe
11:58 Horse Collar
15:11 Bow Saw
19:21 Wheelbarrow
20:25 Gold Mining
21:09 Stone Mining
22:19 Loom
23:57 Gold Shaft Mining
25:35 Scale Barding Armor
25:41 Forging
25:53 Husbandry
26:04 Bloodlines
26:01 Grand Trunk Road
29:01 Iron Casting
28:49 Chain Barding Armor
29:36 Hand Cart
30:39 Iron Casting
35:04 Imperial Age
33:25 Hand Cart
32:56 Town Watch
35:37 Town Patrol
35:31 Fletching
35:43 Padded Archer Armor
36:21 Plate Barding Armor
36:46 Blast Furnace
35:11 Heavy Camel Rider
36:56 Chemistry
36:17 Ballistics
36:24 Conscription
40:08 Imperial Camel Rider
野豬騎士來囉
10:04 Feudal Age
13:46 Castle Age
11:57 Double-Bit Axe
12:53 Horse Collar
14:51 Bow Saw
23:03 Heavy Plow
25:05 Wheelbarrow
27:05 Hand Cart
26:38 Loom
30:50 Imperial Age
28:59 Forging
28:54 Scale Mail Armor
29:09 Pikeman
29:49 Squires
29:35 Arson
30:43 Iron Casting
30:56 Chain Mail Armor
30:40 Heavy Scorpion
32:03 Crop Rotation
32:48 Blast Furnace
32:11 Conscription
31:34 Halberdier
33:11 Plate Mail Armor
36:41 Gold Mining
36:41 Stone Mining
39:20 Scale Barding Armor
39:08 Fletching
39:18 Padded Archer Armor
40:28 Chain Barding Armor
40:21 Light Cavalry
41:13 Bloodlines
41:03 Husbandry
平安喜乐
10:19 Feudal Age
14:52 Castle Age
13:46 Double-Bit Axe
14:19 Horse Collar
17:03 Loom
26:47 Fletching
Connection lost

Rejoining the realm…

Still unreachable

The connection could not be restored.

Session expired

The server has moved on; the page needs a fresh start.